 Dungeon Crawl Stone Soup version 0.21.1-1-g345015f (webtiles) character file.

200 tidbits the Chiller (level 5, -7/37 HPs)
             Began as a Gnoll Ice Elementalist on Mar 28, 2018.
             Was a Follower of Cheibriados.
             Mangled by a phantom (8 damage)
             ... on level 4 of the Dungeon.
             The game lasted 00:11:53 (847 turns).

tidbits the Chiller (Gnoll Ice Elementalist)         Turns: 847, Time: 00:11:53

Health: -7/37      AC:  9    Str: 10 (13) XL:     5   Next: 79%
Magic:  7/12       EV: 15    Int: 17 (20) God:    Cheibriados [*.....]
Gold:   167        SH:  0    Dex: 19 (21) Spells: 8/14 levels left

rFire    . . .     SeeInvis .   i - +0 trident
rCold    . . .     Gourm    .   (no shield)
rNeg     . . .     Faith    .   B - +0 robe
rPois    .         Spirit   .   (no helmet)
rElec    .         Reflect  .   C - +0 cloak
rCorr    .         Harm     .   (no gloves)
MR       .....                  (no boots)
Stlth    +++.......             (no amulet)
HPRegen  0.12/turn              s - +4 ring of dexterity
MPRegen  0.13/turn              (no ring)

@: icy armour, very slow
A: distributed training, fangs 1, strong nose
a: Bend Time, Renounce Religion


You were on level 4 of the Dungeon.
You worshipped Cheibriados.
Cheibriados was aware of your devotion.
You were not hungry.

You visited 1 branch of the dungeon, and saw 4 of its levels.

You collected 167 gold pieces.

Inventory:

Hand Weapons
 a - a +0 dagger
 b - a +0 mace
 i - a +0 trident (weapon)
 j - a +0 short sword
 p - a +0 blowgun
Missiles
 d - 51 arrows
 e - 55 stones (quivered)
Armour
 o - a cursed +0 ring mail
 B - a +0 robe (worn)
 C - a +0 cloak (worn)
Jewellery
 s - a +4 ring of dexterity (left hand)
   (You found it on level 4 of the Dungeon)
Scrolls
 g - a scroll of identify {unknown}
 m - a scroll of amnesia {unknown}
 r - a scroll of enchant armour {unknown}
 t - a scroll of fog {unknown}
Potions
 c - a potion of degeneration
 h - a potion of heal wounds
Books
 f - a book of Frost

   Spells                             Type                      Level
   a - Freeze                         Ice                          1
   b - Throw Frost                    Conjuration/Ice              2
   c - Ozocubu's Armour               Charms/Ice                   3
   d - Throw Icicle                   Conjuration/Ice              4
   e - Summon Ice Beast               Ice/Summoning                4
Comestibles
 q - 5 rations


   Skills:
 + Level 1.6 Fighting
 + Level 1.6 Short Blades
 + Level 1.6 Long Blades
 + Level 1.6 Axes
 + Level 1.6 Maces & Flails
 + Level 1.6 Polearms
 + Level 1.6 Staves
 + Level 1.6 Slings
 + Level 1.6 Bows
 + Level 1.6 Crossbows
 + Level 1.6 Throwing
 + Level 1.6 Armour
 + Level 4.8 Dodging
 + Level 4.4 Stealth
 + Level 1.6 Shields
 + Level 1.6 Unarmed Combat
 + Level 5.2 Spellcasting
 + Level 2.4 Conjurations
 + Level 1.2 Hexes
 + Level 1.2 Charms
 + Level 1.2 Summonings
 + Level 1.2 Necromancy
 + Level 1.2 Translocations
 + Level 1.2 Transmutations
 + Level 1.2 Fire Magic
 + Level 5.5 Ice Magic
 + Level 1.2 Air Magic
 + Level 1.2 Earth Magic
 + Level 1.2 Poison Magic
 + Level 1.8 Invocations
 + Level 1.6 Evocations


You had 8 spell levels left.
You knew the following spells:

 Your Spells              Type           Power        Failure   Level  Hunger
a - Freeze                Ice            ###.         1%          1    None
j - Throw Frost           Conj/Ice       ###...       4%          2    #......
o - Ozocubu's Armour      Chrm/Ice       ###.....     10%         3    ###....


Dungeon Overview and Level Annotations

Branches:
Dungeon (4/15)
 Temple: D:4-7

Altars:
Cheibriados
Sif Muna
Vehumet

Annotations:
D:2 exclusion: phantom
D:4 Verr's ghost, amateur DsFi


Innate Abilities, Weirdness & Mutations

Your experience applies equally to all skills.
You have very sharp teeth.
Your uncanny sense of smell can sniff out nearby items.


Message History

You hit the phantom. You bite the phantom, but do no damage.
The phantom is moderately damaged.
The phantom misses you.
You hit the phantom but do no damage.
The phantom is moderately damaged.
The phantom closely misses you.
You closely miss the phantom.
The phantom is moderately damaged.
The phantom hits you but does no damage.
You closely miss the phantom. You bite the phantom.
The phantom is moderately damaged.
The phantom completely misses you.
You closely miss the phantom.
The phantom is moderately damaged.
The phantom closely misses you.
You hit the phantom.
The phantom is heavily damaged.
The phantom hits you but does no damage.
You completely miss the phantom.
The phantom is heavily damaged.
The phantom misses you.
You hit the phantom.
The phantom is heavily damaged.
The phantom misses you.
You hit the phantom.
The phantom is heavily damaged.
The phantom closely misses you.
You closely miss the phantom.
The phantom is heavily damaged.
The phantom completely misses you.
You barely miss the phantom.
The phantom is heavily damaged.
The phantom blinks!
You feel a little less agile now.
The phantom blinks!
Things that are here:
a trident; an orc corpse Unknown command.
i - a trident The phantom blinks!
You hit the phantom.
The phantom is heavily damaged.
The phantom completely misses you.
You hit the phantom. You bite the phantom, but do no damage.
The phantom is severely damaged.
The phantom barely misses you.
You hit the phantom but do no damage. You bite the phantom, but do no damage.
The phantom is severely damaged.
The phantom completely misses you.
You hit the phantom but do no damage.
The phantom is severely damaged.
Your icy armour starts to melt.
The phantom blinks!
Wield which item (- for none, * to show all)? (? for menu, Esc to quit)
i - a +0 trident (weapon)
Attack whom?
Press: ? - help, Dir - move target cursor, f/p - phantom
Aim: a phantom (severely damaged)
You reach to attack!
You hit the phantom but do no damage.
The phantom is severely damaged.
You closely miss the phantom. Your bite misses the phantom.
The phantom is severely damaged.
The phantom closely misses you. The phantom hits you!
You completely miss the phantom.
The phantom is severely damaged.
Your icy armour evaporates.
The phantom hits you!
* * * LOW HITPOINT WARNING * * *
You barely miss the phantom.
You punch the phantom, but do no damage.
The phantom is heavily damaged.
The phantom barely misses you.
You hit the phantom. Your bite misses the phantom.
The phantom is severely damaged.
The phantom blinks!
You closely miss the phantom. You bite the phantom, but do no damage.
The phantom is severely damaged.
The phantom hits you.
* * * LOW HITPOINT WARNING * * *
Casting: Ozocubu's Armour
Confirm with . or Enter, or press ? or * to list all spells.
A film of ice covers your body!
The phantom hits you but does no damage.
Unknown command.
You hit the phantom.
The phantom is severely damaged.
The phantom completely misses you.
You miss the phantom.
The phantom is severely damaged.
The phantom hits you.
* * * LOW HITPOINT WARNING * * *
You miss the phantom. You bite the phantom, but do no damage.
The phantom is severely damaged.
The phantom barely misses you.
You puncture the phantom!
The phantom is almost destroyed.
The phantom hits you!
* * * LOW HITPOINT WARNING * * *
The phantom hits you!
You die...

.%.##.#.# !...#.#
...... #####.#.###
..$.......#
#######†#.#
#.......#[# #.#
#.#####.#.# #.# #
#....@#.# #. #.#
#.###W#.# #. #.#
#.#.# #. #.# #.#.#
#.##.####### #.#
#........... ∆
#.#.###.##.#####..
#..............#..
#...........##....
.#########.####.<


You could see a phantom.

Vanquished Creatures
  A howler monkey (D:2)
  An iguana (D:4)
  A worker ant (D:4)
  2 adders (D:2)
  3 gnolls (D:4)
  A worm (D:3)
  2 dart slugs (D:2)
  3 leopard geckos
  6 orcs
  2 giant cockroaches
  5 goblins
  8 jackals
  5 kobolds
  5 bats
  2 frilled lizards
  3 rats
50 creatures vanquished.

Vanquished Creatures (others)
  An adder (D:4)
  A jackal (D:4)
2 creatures vanquished.

Grand Total: 52 creatures vanquished

Notes
Turn   | Place    | Note
-------+----------+-------------------------------------------
     0 | D:1      | tidbits the Gnoll Ice Elementalist began the quest for the Orb.
     0 | D:1      | Reached XP level 1. HP: 13/13 MP: 6/6
    43 | D:1      | Reached skill level 2 in Conjurations
   100 | D:1      | Reached XP level 2. HP: 19/19 MP: 4/7
   104 | D:1      | Learned a level 2 spell: Throw Frost
   249 | D:2      | Reached XP level 3. HP: 22/25 MP: 3/9
   250 | D:2      | Reached skill level 5 in Spellcasting
   255 | D:2      | Learned a level 3 spell: Ozocubu's Armour
   291 | D:2      | Reached skill level 1 in Fighting
   291 | D:2      | Reached skill level 1 in Short Blades
   291 | D:2      | Reached skill level 1 in Long Blades
   291 | D:2      | Reached skill level 1 in Axes
   291 | D:2      | Reached skill level 1 in Maces & Flails
   291 | D:2      | Reached skill level 1 in Polearms
   291 | D:2      | Reached skill level 1 in Staves
   291 | D:2      | Reached skill level 1 in Slings
   291 | D:2      | Reached skill level 1 in Bows
   291 | D:2      | Reached skill level 1 in Crossbows
   291 | D:2      | Reached skill level 1 in Throwing
   291 | D:2      | Reached skill level 1 in Armour
   291 | D:2      | Reached skill level 1 in Shields
   291 | D:2      | Reached skill level 1 in Unarmed Combat
   291 | D:2      | Reached skill level 1 in Invocations
   291 | D:2      | Reached skill level 1 in Evocations
   291 | D:2      | Reached XP level 4. HP: 24/32 MP: 0/11
   321 | D:2      | Found a radiant altar of Vehumet.
   326 | D:2      | Found a deep blue altar of Sif Muna.
   329 | D:2      | Found a snail-covered altar of Cheibriados.
   337 | D:2      | Became a worshipper of Cheibriados the Contemplative
   458 | D:3      | Reached skill level 1 in Hexes
   458 | D:3      | Reached skill level 1 in Charms
   458 | D:3      | Reached skill level 1 in Summonings
   458 | D:3      | Reached skill level 1 in Necromancy
   458 | D:3      | Reached skill level 1 in Translocations
   458 | D:3      | Reached skill level 1 in Transmutations
   458 | D:3      | Reached skill level 1 in Fire Magic
   458 | D:3      | Reached skill level 1 in Air Magic
   458 | D:3      | Reached skill level 1 in Earth Magic
   458 | D:3      | Reached skill level 1 in Poison Magic
   579 | D:2      | Noticed a phantom
   633 | D:2      | Reached XP level 5. HP: 32/37 MP: 8/12
   721 | D:4      | Noticed Verr's ghost (amateur DsFi)
   792 | D:4      | Noticed a phantom
   800 | D:4      | Reached * piety under Cheibriados
   847 | D:4      | HP: 1/37 [phantom (9)]
   847 | D:4      | Mangled by a phantom

Skill      XL: |  1  2  3  4 |
---------------+-------------+-----
Conjurations   | 2 |  2.4
Spellcasting   | 5 |  5.2
Fighting       | 1 |  1.6
Short Blades   | 1 |  1.6
Long Blades    | 1 |  1.6
Axes           | 1 |  1.6
Maces & Flails | 1 |  1.6
Polearms       | 1 |  1.6
Staves         | 1 |  1.6
Slings         | 1 |  1.6
Bows           | 1 |  1.6
Crossbows      | 1 |  1.6
Throwing       | 1 |  1.6
Armour         | 1 |  1.6
Shields        | 1 |  1.6
Unarmed Combat | 1 |  1.6
Invocations    | 1 |  1.8
Evocations     | 1 |  1.6
Hexes          | 1 |  1.2
Charms         | 1 |  1.2
Summonings     | 1 |  1.2
Necromancy     | 1 |  1.2
Translocations | 1 |  1.2
Transmutations | 1 |  1.2
Fire Magic     | 1 |  1.2
Air Magic      | 1 |  1.2
Earth Magic    | 1 |  1.2
Poison Magic   | 1 |  1.2
Dodging        | |  4.8
Stealth        | |  4.4
Ice Magic      | |  5.5

Action                   |  1- 3 |  4- 6 || total
-------------------------+-------+-------++-------
Melee: Dagger            |    12 |    10 ||    22
       Bite              |     1 |    13 ||    14
       Short sword       |       |    34 ||    34
       Trident           |       |    10 ||    10
       Punch             |       |     1 ||     1
Throw: Stone             |     6 |     2 ||     8
       Javelin           |     5 |    18 ||    23
 Cast: Freeze            |    27 |    41 ||    68
       Ozocubu's Armour  |       |     4 ||     4
  Use: Potion            |     1 |     5 ||     6
       Scroll            |       |     2 ||     2
 Stab: Sleeping          |     3 |     2 ||     5
Armor: Robe              |     4 |    18 ||    22
Dodge: Dodged            |    20 |    79 ||    99

Table legend:
 A = Turns spent in this place as a percentage of turns spent in the entire game.
 B = Non-inter-level travel turns spent in this place as a percentage of non-inter-level travel turns spent in the entire game.
 C = Inter-level travel turns spent in this place as a percentage of turns spent in this place.
 D = Turns resting spent in this place as a percentage of non-inter-level travel turns spent in this place.
 E = Turns spent auto-exploring this place as a percentage of non-inter-level travel turns spent in this place.
 F = Non-inter-level travel turns spent in this place divided by the number of levels of this place that you've seen.
                   A       B       C       D       E      F
               +-------+-------+-------+-------+-------+----------------------
         Total | 100.0 | 100.0 |   0.0 |   0.0 |   0.0 | 211.8
       Dungeon | 100.0 | 100.0 |   0.0 |   0.0 |   0.0 | 211.8
               +-------+-------+-------+-------+-------+----------------------

Table legend:
 A = Kills in this place as a percentage of kills in entire the game.
 B = Kills by you in this place as a percentage of kills by you in the entire game.
 C = Kills by friends in this place as a percentage of kills by friends in the entire game.
 D = Other kills in this place as a percentage of other kills in the entire game.
 E = Experience gained in this place as a percentage of experience gained in the entire game.
 F = Experience gained in this place divided by the number of levels of this place that you have seen.
                   A       B       C       D       E      F
               +-------+-------+-------+-------+-------+----------------------
         Total | 100.0 | 100.0 |   N/A |   N/A | 100.0 |  71.8
       Dungeon | 100.0 | 100.0 |   N/A |   N/A | 100.0 |  71.8
               +-------+-------+-------+-------+-------+----------------------

Vault maps used:
D:1:      erik_arrival_cave_to_civilisation
D:2:      minmay_overflow_temple_star_quad, gammafunk_temple_overflow_elements
D:3:      overflow_temple_1_default
D:4:      xom_confusion_cloud, first_ration
